 Dungeon Crawl Stone Soup version 0.18-a0-1343-g48c8f86 (webtiles) character file.

84 M4edhros the Insei (level 4, 0/35 HPs)
             Began as a Mummy Monk on Feb 16, 2016.
             Killed from afar by an orc wizard (6 damage)
             ... with a magic dart
             ... on level 3 of the Dungeon on Feb 17, 2016.
             The game lasted 00:05:12 (2220 turns).

M4edhros the Insei (Mummy Monk)                     Turns: 2220, Time: 00:05:12

Health: 0/35       AC:  5    Str: 14    XL:     4   Next: 24%
Magic:  4/4        EV: 13    Int:  9    God:
Gold:   102        SH:  0    Dex: 15    Spells: 0 memorised, 3 levels left

rFire  . . .     SeeInvis .       - Unarmed
rCold  + . .     Gourm    .     (no armour)
rNeg   + + +     Faith    .     (no shield)
rPois  ∞         Spirit   .     h - +0 helmet
rElec  .         Dismiss  .     (no cloak)
rCorr  .         Reflect  .     (no gloves)
SustAt .         Harm     .     (no boots)
MR     .....                    (no amulet)
Stlth  ++........               f - ring of protection from fire
                                b - +4 ring of protection

@: not resistant to hostile enchantments, unstealthy
A: no food or potions, fire vulnerability, cold resistance 1, negative energy
resistance 3, torment resistance, unbreathing
a: no special abilities


You were on level 3 of the Dungeon.
You were not hungry.

You visited 1 branch of the dungeon, and saw 3 of its levels.

You collected 102 gold pieces.

Inventory:

Armour
 h - a +0 helmet (worn)
Jewellery
 b - a +4 ring of protection (left hand)
 c - an uncursed ring of protection from magic
 f - a ring of protection from fire (right hand)
 l - an uncursed ring of protection from fire
Scrolls
 a - 4 scrolls of remove curse
 d - a scroll of random uselessness
 e - a scroll of teleportation
 g - 8 scrolls of identify
 i - a scroll of fog {unknown}
 k - a scroll of amnesia {unknown}
Comestibles
 j - 2 bread rations


   Skills:
 - Level 3.0 Fighting
 - Level 2.4 Dodging
 + Level 2.9 Stealth
 + Level 4.1 Unarmed Combat


You had 3 spell levels left.
You didn't know any spells.

Dungeon Overview and Level Annotations

Branches:
Dungeon (3/15)

Altars:
Pakellas

Annotations:
D:3 exclusions: centaur and ogre


Innate Abilities, Weirdness & Mutations

You do not eat or drink.
Your flesh is vulnerable to fire.
You are immune to poison.
Your flesh is cold resistant.
You are immune to negative energy.
You are immune to unholy pain and torment.
You can survive without breathing.


Message History

You hit the orc wizard.
The orc wizard is almost dead.
The orc wizard casts a spell at you. The puff of flame hits you!
You hit the orc wizard but do no damage.
The orc wizard is almost dead.
The orc wizard casts a cantrip, but nothing happens.
You hit the orc wizard.
The orc wizard is almost dead.
The orc wizard gestures at you while chanting.
The puff of flame hits you!
* * * LOW HITPOINT WARNING * * *
You barely miss the orc wizard.
The orc wizard is almost dead.
The orc wizard hits you but does no damage.
You barely miss the orc wizard.
The orc wizard is almost dead.
The orc wizard points at you and mumbles some strange words.
The magic dart hits you!
You die...

#.###..###...###.#
.......# #.#..#..#
#.####.# #.......#
#.# #.# #.#####.#
#.####.###.#####[#
#..............<.#
##########.#####.#
#....##o#
####.##@#
#############.##)#
#..............#.#
#.#####.#.###..#.#
#.# #.###.....).#
#o#
##>#.###..#.......
..# ##.##
#...####### ###
#.# #.#.# #.#
#.#.#


You could see an orc wizard.

Vanquished Creatures
  4 adders
  A worm (D:2)
  2 giant geckos (D:1)
  4 orcs (D:3)
  A ball python (D:1)
  A giant cockroach (D:2)
  7 goblins
  4 hobgoblins
  3 bats
  3 giant newts
  5 kobolds
  5 rats
40 creatures vanquished.

Notes
Turn   | Place    | Note
--------------------------------------------------------------
     0 | D:1      | M4edhros the Mummy Monk began the quest for the Orb.
     0 | D:1      | Reached XP level 1. HP: 18/18 MP: 1/1
   262 | D:1      | Reached XP level 2. HP: 24/24 MP: 2/2
   736 | D:2      | Reached XP level 3. HP: 7/29 MP: 3/3
  1255 | D:2      | Found an oddly glowing altar of Pakellas.
  1383 | D:2      | Reached skill level 4 in Unarmed Combat
  1687 | D:3      | Noticed a centaur
  1778 | D:3      | Reached XP level 4. HP: 35/35 MP: 4/4
  1836 | D:3      | Noticed an ogre
  2220 | D:3      | Killed from afar by an orc wizard

Vault maps used:
D:1:      nicolae_arrival_memento_mori
D:2:      grunt_pakellas_basics, first_bread, minmay_misc_feat_ornament
D:3:      kennysheep_generic_room_2

Action                   |  1- 3 |  4- 6 || total
-------------------------+-------+-------++-------
Melee: Unarmed           |   155 |    40 ||   195
  Use: Scroll            |     3 |       ||     3
 Stab: Sleeping          |     4 |       ||     4
